 Dungeon Crawl Stone Soup version 0.19-a0-1834-g6b7851e (webtiles) character file.

95 Alarkh the Firebug (level 4, 0/30 HPs)
             Began as a Mummy Fire Elementalist on Oct 9, 2016.
             Was an Initiate of Okawaru.
             Slain by a gnoll
             ... wielding a +0 flail
              (12 damage)
             ... on level 1 of the Dungeon.
             The game lasted 00:04:13 (2147 turns).

Alarkh the Firebug (Mummy Fire Elementalist)        Turns: 2147, Time: 00:04:14

Health: 0/30       AC: -1    Str: 11    XL:     4   Next: 39%
Magic:  5/8        EV: 12    Int: 15    God:    Okawaru [......]
Gold:   88         SH:  0    Dex: 12    Spells: 1 memorised, 7 levels left

rFire  x . .     SeeInvis .     f - +0 whip
rCold  + . .     Gourm    .     a - +0 robe
rNeg   + + +     Faith    .     (no shield)
rPois  ∞         Spirit   .     (no helmet)
rElec  .         Dismiss  .     (no cloak)
rCorr  .         Reflect  .     (no gloves)
MR     .....     Harm     .     (no boots)
Stlth  ++........               (no amulet)
                                (no ring)
                                i - -3 ring of protection (curse)

@: no status effects
A: no food or potions, fire vulnerability, cold resistance 1, negative energy
resistance 3, torment resistance, unbreathing
a: Renounce Religion


You were on level 1 of the Dungeon.
You worshipped Okawaru.
Okawaru was noncommittal.
You were not hungry.

You visited 1 branch of the dungeon, and saw 2 of its levels.

You collected 88 gold pieces.

Inventory:

Hand Weapons
 f - a +0 whip (weapon)
Armour
 a - a +0 robe (worn)
Jewellery
 i - a cursed -3 ring of protection (left hand)
Scrolls
 c - 2 scrolls of magic mapping
 d - a scroll of fog
 e - a scroll of identify
 g - a scroll of enchant weapon
 h - a scroll of recharging
Books
 b - a book of Flames

   Spells                             Type                      Level
   a - Flame Tongue                   Conjuration/Fire             1
   b - Throw Flame                    Conjuration/Fire             2
   c - Conjure Flame                  Conjuration/Fire             3
   d - Inner Flame                    Hexes/Fire                   3
   e - Sticky Flame                   Conjuration/Fire             4
   f - Fireball                       Conjuration/Fire             5


   Skills:
 - Level 1.5 Dodging
 - Level 1.5 Stealth
 + Level 2.9 Spellcasting
 + Level 1.9 Conjurations
 + Level 3.3 Fire Magic


You had 7 spell levels left.
You knew the following spells:

 Your Spells              Type           Power        Failure   Level  Hunger
a - Flame Tongue          Conj/Fire      ##...        10%         1    N/A

Dungeon Overview and Level Annotations

Branches:
Dungeon (2/15)

Altars:
Ashenzari
Okawaru


Innate Abilities, Weirdness & Mutations

You do not eat or drink.
Your flesh is vulnerable to fire.
You are immune to poison.
Your flesh is cold resistant. (rC+)
You are immune to negative energy. (rN+++)
You are immune to unholy pain and torment.
You can survive without breathing.


Message History

The gnoll hits you with a flail!
You climb upwards.
There is a stone staircase leading down here.
Casting: Flame Tongue
Confirm with . or Enter, or press ? or * to list all spells.
Aiming: Flame Tongue
Press: ? - help, Shift-Dir - straight line, f - gnoll
Aim: a gnoll, wielding a flail (lightly wounded)
The flame tongue hits the gnoll.
The gnoll is moderately wounded.
The gnoll hits you with a flail!
Casting: Flame Tongue
Confirm with . or Enter, or press ? or * to list all spells.
Aiming: Flame Tongue
Press: ? - help, Shift-Dir - straight line, f/p - gnoll
Aim: a gnoll, wielding a flail (moderately wounded)
The flame tongue hits the gnoll.
The gnoll is severely wounded.
The gnoll hits you with a flail!
You die...

# #.# # #.# # #.# #
#.##### # #.[...# ###
# #.....#########.# #
#.....'.........#
######....#########.#
................@...#
################g####
#.# #.# # #.## ######
#..# .....# ##.#
.....# #.## .....#
#..#


You could see a gnoll.

Vanquished Creatures
  2 gnolls (D:2)
  3 adders (D:2)
  2 dart slugs (D:1)
  2 leopard geckos (D:1)
  4 giant cockroaches
  3 goblins
  3 hobgoblins
  10 kobolds
  2 quokkas
  5 bats
  3 frilled lizards (D:2)
  7 rats
46 creatures vanquished.

Notes
Turn   | Place    | Note
-------+----------+-------------------------------------------
     0 | D:1      | Alarkh the Mummy Fire Elementalist began the quest for the Orb.
     0 | D:1      | Reached XP level 1. HP: 13/13 MP: 3/3
   188 | D:1      | Reached skill level 1 in Conjurations
   265 | D:1      | Reached XP level 2. HP: 3/19 MP: 0/5
   859 | D:1      | Reached skill level 3 in Fire Magic
   933 | D:1      | Reached XP level 3. HP: 22/24 MP: 3/6
  1472 | D:2      | Reached XP level 4. HP: 30/30 MP: 0/8
  1886 | D:2      | Found an iron altar of Okawaru.
  1886 | D:2      | Found a shattered altar of Ashenzari.
  1892 | D:2      | Became a worshipper of Warmaster Okawaru
  2147 | D:1      | Slain by a gnoll

Vault maps used:
D:1:      scummos_arrival_forest, kennysheep_decorative_pillar
D:2:      kennysheep_the_goblin_king, lemuel_crystal_altar,
          gammafunk_temple_overflow_statue, minmay_liquid_box

Skill      XL: |  1  2 |
---------------+-------+-----
Conjurations   | 1 |  1.9
Fire Magic     | 3 |  3.3
Dodging        | |  1.5
Stealth        | |  1.5
Spellcasting   | |  2.9

Action                   |  1- 3 |  4- 6 || total
-------------------------+-------+-------++-------
Melee: Unarmed           |     2 |       ||     2
       Whip              |    14 |       ||    14
 Cast: Flame Tongue      |    82 |    31 ||   113
  Use: Scroll            |       |     4 ||     4
 Stab: Sleeping          |     1 |       ||     1
Armor: Robe              |    16 |       ||    16
Dodge: Dodged            |    48 |    12 ||    60
